 Dungeon Crawl Stone Soup version 0.18.1-5-g4a78601 (webtiles) character file.

43 Liquid the Conjurer (level 3, 24/24 HPs)
             Began as a Human Conjurer on May 9, 2016.
             Got out of the dungeon alive.
             The game lasted 00:13:28 (1088 turns).

Liquid the Conjurer (Human Conjurer)                Turns: 1088, Time: 00:13:29

Health: 24/24      AC:  3    Str:  8    XL:     3   Next: 82%
Magic:  6/6        EV: 12    Int: 16    God:
Gold:   64         SH:  0    Dex: 13    Spells: 3 memorised, 0 levels left

rFire  . . .     SeeInvis .     h - -1 club (curse)
rCold  . . .     Gourm    .     a - +1 robe
rNeg   + . .     Faith    .     (no shield)
rPois  .         Spirit   .     (no helmet)
rElec  .         Dismiss  .     (no cloak)
rCorr  .         Reflect  .     (no gloves)
SustAt .         Harm     .     (no boots)
MR     .....                    (no amulet)
Stlth  ++........               (no ring)
                                k - ring of positive energy

@: not resistant to hostile enchantments, unstealthy
A: no striking features
a: no special abilities


You escaped.
You were not hungry.

You visited 1 branch of the dungeon, and saw 2 of its levels.

You collected 64 gold pieces.

Inventory:

Hand Weapons
 h - a cursed -1 club (weapon)
Armour
 a - a +1 robe (worn)
Jewellery
 k - a ring of positive energy (left hand)
Scrolls
 g - a scroll of identify
Potions
 e - a potion of haste {unknown}
Books
 b - a book of Conjurations

   Spells                             Type                      Level
   a - Magic Dart                     Conjuration                  1
   b - Searing Ray                    Conjuration                  2
   c - Dazzling Spray                 Conjuration/Hexes            3
   d - Fulminant Prism                Conjuration/Hexes            4
   e - Iskenderun's Mystic Blast      Conjuration                  4
   f - Iskenderun's Battlesphere      Conjuration/Charms           5
Comestibles
 c - 2 bread rations
 f - a beef jerky


   Skills:
 + Level 2.5 Dodging
 - Level 2.0 Stealth
 + Level 2.4 Spellcasting
 * Level 4.6 Conjurations


You couldn't memorise any spells.
You knew the following spells:

 Your Spells              Type           Power        Failure   Level  Hunger
a - Magic Dart            Conj           ###.         3%          1    #......
b - Searing Ray           Conj           ###...       6%          2    ###....
c - Dazzling Spray        Conj/Hex       #.......     28%         3    ###....


Dungeon Overview and Level Annotations

Branches:
Dungeon (2/15)

Altars:
Vehumet


Message History

f - a beef jerky
Found a scroll of identify.
g - a scroll of identify All of the chunks of flesh in your inventory have rotted away.
There is a stone staircase leading up here.
You climb upwards.
There is a stone staircase leading down here.
Casting: Magic Dart
Confirm with . or Enter, or press ? or * to list all spells.
Aiming: Magic Dart
Press: ? - help, Shift-Dir - straight line, f - rat
Aim: a rat (hasn't noticed you)
The magic dart hits the rat.
You kill the rat!
There is a staircase leading out of the dungeon here.
Are you sure you want to leave the Dungeon?
This will make you lose the game!
Alright, then stay!
Unknown command.
Are you sure you want to leave the Dungeon?
This will make you lose the game!
You have escaped!

.............# #
.............#### #
................# #
.............##.#### #
.......)..####.....# #
..........###....8.#### #######
..........##......)≈≈§# #....#.
..................≈≈§§# #.##.#.
............8..8@.≈≈≈># #.##...
..................≈≈≈≈#####...###
..>................≈≈≈##......###
.................8.#####.........
...........#.......#####.........
...........##...........[........
#....###....#.#####.####.....####
............#.#####.####.....#
#......#....'..).............#


There were no monsters in sight!

Vanquished Creatures
  An ooze (D:2)
  A dart slug (D:1)
  A giant gecko (D:1)
  2 ball pythons (D:1)
  5 bats (D:1)
  3 giant cockroaches (D:1)
  2 goblins (D:1)
  5 hobgoblins
  3 jackals (D:1)
  2 kobolds (D:1)
  3 giant newts (D:1)
  3 rats (D:1)
31 creatures vanquished.

Notes
Turn   | Place    | Note
--------------------------------------------------------------
     0 | D:1      | Liquid the Human Conjurer began the quest for the Orb.
     0 | D:1      | Reached XP level 1. HP: 13/13 MP: 3/3
    95 | D:1      | Reached XP level 2. HP: 17/19 MP: 0/5
   108 | D:1      | Learned a level 2 spell: Searing Ray
   477 | D:1      | Reached XP level 3. HP: 11/24 MP: 1/6
   550 | D:1      | Learned a level 3 spell: Dazzling Spray
   968 | D:2      | Found a radiant altar of Vehumet.
  1088 | D:$      | Got out of the dungeon alive.

Action                   || total
-------------------------++-------
Melee: Unarmed           ||    10
       Club              ||    21
 Cast: Magic Dart        ||    54
       Searing Ray       ||     3
       Dazzling Spray    ||     1
  Use: Scroll            ||     5
  Eat: Chunk             ||     2
Armor: Robe              ||    23
Dodge: Dodged            ||    52
